 Dungeon Crawl Stone Soup version 0.25.1-8-g42b30a86e7 (webtiles) character file.

Game seed: 10893844626737907271

178 Clowwww the Shield-Bearer (level 5, -2/41 HPs)
             Began as a Demonspawn Fighter on Dec 4, 2020.
             Killed by divine providence
             ... invoked by an orc priest
              (13 damage)
             ... on level 3 of the Dungeon.
             The game lasted 00:05:29 (2713 turns).

Clowwww the Shield-Bearer (Demonspawn Fighter)      Turns: 2713, Time: 00:05:29

Health: -2/41      AC:  6    Str: 17    XL:     5   Next: 32%
Magic:  5/5        EV:  7    Int:  9    God:
Gold:   121        SH:  9    Dex: 13    Spells: 4/4 levels left

rFire    . . .     SeeInvis .   a - +0 war axe
rCold    + . .     Gourm    .   c - +0 kite shield
rNeg     . . .     Faith    .   b - +0 scale mail
rPois    .         Spirit   .   (helmet restricted)
rElec    .         Reflect  .   (no cloak)
rCorr    .         Harm     .   (no gloves)
MR       .....                  (no boots)
Stlth    ..........             g - amulet of magic regeneration
HPRegen  0.13/turn              (no ring)
MPRegen  0.34/turn              (no ring)

@: no status effects
A: horns 2, cold resistance 1
a: no special abilities


You were on level 3 of the Dungeon.
You were not hungry.

You visited 1 branch of the dungeon, and saw 3 of its levels.

You collected 121 gold pieces.

Inventory:

Hand Weapons
 a - a +0 war axe (weapon)
Missiles
 o - 8 boomerangs (quivered)
Armour
 b - a +0 scale mail (worn)
 c - a +0 kite shield (worn)
Jewellery
 e - a cursed -4 ring of strength {unknown}
 g - an amulet of magic regeneration (around neck)
 k - an uncursed amulet of regeneration
 r - a cursed -4 ring of dexterity {unknown}
Scrolls
 i - a scroll of teleportation {unknown}
 j - 2 scrolls of blinking {unknown}
 m - 2 scrolls of amnesia {unknown}
 n - a scroll of fog {unknown}
 p - a scroll of immolation {unknown}
Potions
 d - 2 potions of might
 h - a potion of haste {unknown}
 l - a potion of curing {unknown}
 q - a potion of lignification {unknown}
Comestibles
 f - 5 rations


   Skills:
 + Level 3.4 Fighting
 + Level 3.3 Axes
 + Level 1.0 Throwing
 + Level 3.2 Armour
 + Level 0.4 Dodging
 + Level 3.5 Shields


You had 4 spell levels left.
You didn't know any spells.
Your spell library was empty.

Dungeon Overview and Level Annotations

Branches:
Dungeon (3/15)

Altars:
Kikubaaqudgha
Nemelex Xobeh
Sif Muna
Wu Jian
Zin
The Shining One


Innate Abilities, Weirdness & Mutations

You have a pair of horns on your head.
Your flesh is cold resistant. (rC+)


Message History

The orc priest is moderately wounded.
You closely miss the orc.
The orc priest casts a cantrip, but nothing happens.
The orc throws a boomerang.
You block the boomerang.
The weapon returns to the orc!
You block the orc's attack. You block the orc priest's attack.
The orc throws a boomerang.
The boomerang hits you.
* * * LOW HITPOINT WARNING * * *
The weapon returns to the orc!
A hobgoblin comes into view. It is wielding a +0 club.
You closely miss the orc priest.
The orc priest is moderately wounded.
The hobgoblin shouts!
You slash the orc!
You kill the orc!
The orc throws a boomerang.
You block the boomerang.
The weapon returns to the orc!
The orc priest invokes the aid of Beogh against you.
Beogh smites you!
You die...

..#.. #... .# #.#.#
#... ...##.#.. ##.#
#.g.#.######### #.#
#o........).####.#
#.#.#####.........
#...# #.#.####.#
###)o.# #.#÷####.#
#.†@.######........#
#........####.###.<#
##)(......# #.# #..#
#.((.......# #.#
#... ###........#
#.# #.## #.........
... #... ######....
... ###. .).. <. #.
... #####


You could see an orc priest, an orc and a hobgoblin.

Vanquished Creatures
  An orc priest (D:3)
  6 adders
  An ooze (D:2)
  2 worms
  4 dart slugs
  A leopard gecko (D:1)
  3 orcs (D:3)
  2 ball pythons
  3 giant cockroaches
  8 goblins
  13 hobgoblins
  A quokka (D:3)
  11 bats
  2 frilled lizards
  7 kobolds
  10 rats
75 creatures vanquished.

Notes
Turn   | Place    | Note
-------+----------+-------------------------------------------
     0 | D:1      | Clowwww the Demonspawn Fighter began the quest for the Orb.
     0 | D:1      | Reached XP level 1. HP: 18/18 MP: 1/1
   233 | D:1      | Gained mutation: You have a pair of small horns on your
                  | head. [demonic ancestry]
   233 | D:1      | Reached XP level 2. HP: 24/24 MP: 2/2
   587 | D:1      | Reached XP level 3. HP: 29/29 MP: 3/3
  1295 | D:2      | Gained mutation: You have a pair of horns on your head.
                  | [demonic ancestry]
  1295 | D:2      | Reached XP level 4. HP: 24/35 MP: 4/4
  1764 | D:2      | Found an ornate altar of the Wu Jian Council.
  1764 | D:2      | Found a shimmering blue altar of Sif Muna.
  1850 | D:2      | Found a glowing silver altar of Zin.
  1851 | D:2      | Found an ancient bone altar of Kikubaaqudgha.
  1958 | D:2      | Found a glowing golden altar of the Shining One.
  2214 | D:3      | Found a sparkling altar of Nemelex Xobeh.
  2605 | D:3      | Found a faded altar of an unknown god.
  2686 | D:3      | Gained mutation: Your flesh is cold resistant. (rC+)
                  | [demonic ancestry]
  2686 | D:3      | Reached XP level 5. HP: 41/41 MP: 5/5
  2711 | D:3      | Reached skill level 1 in Throwing
  2713 | D:3      | Killed from afar by an orc priest

Illustrated notes

Levels and vault maps discovered:
D:1:      sevenhm_arrival_forest_fort_large_1, layout_rooms,
          minmay_misc_feat_roman
D:2:      layout_loops_ring, nicolae_overflow_hidden_temple, tso_altar,
          chequers_serial_rivers_marsh
D:3:      layout_basic, nemelex_altar_shiori, first_ration,
          chequers_ecumenical_altar_simple_redux, due_unseen_surprise

Skill      XL: |  1  2  3  4  5 |
---------------+----------------+-----
Shields        | 3 |  3.5
Axes           | 2 3 |  3.3
Armour         | 3 |  3.2
Throwing       | 1 |  1.0
Fighting       | |  3.4
Dodging        | |  0.4

Action                   |  1- 3 |  4- 6 || total
-------------------------+-------+-------++-------
Melee: War axe           |   128 |    56 ||   184
       Headbutt          |     6 |     8 ||    14
Throw: Boomerang         |       |    33 ||    33
  Eat: Chunk             |     1 |     5 ||     6
Armor: Scale mail        |    74 |    37 ||   111
Dodge: Dodged            |    47 |    22 ||    69
Block: Kite shield       |    87 |    36 ||   123
